[ AOE2 MATCH · #462429562 ]
1v1 RMGoths vs Turks
Player's team · LOSS
Rival team · WIN
[ REPLAY ANALYSIS · EXTRACTED FROM THE RECORDED GAME ]
Feudal
9:09
Castle
21:23
Imperial
—
| APM avg | 55.9 |
| APM peak | 83 |
| eAPM avg | 26.3 |
| Villagers / military | 138 / 78 |
Focus
⚔️ 36.7% · 🌾 63.3%
Spearman ×24 · Skirmisher ×18 · Militia ×12 · Mangonel ×8 · Battering Ram ×5 · Monk ×5
Feudal
8:51
Castle
22:36
Imperial
39:34
| APM avg | 73.4 |
| APM peak | 129 |
| eAPM avg | 24.5 |
| Villagers / military | 103 / 72 |
Focus
⚔️ 32.4% · 🌾 67.6%
Cavalry Archer ×47 · Knight ×8 · Skirmisher ×7 · Scout Cavalry ×5 · Mangonel ×4 · Battering Ram ×1
Match map
Initial resources + every placement click. Lines = walls · curves = elevation contours. ◆ gold · ⬟ stone · ● berries · ✦ relic · ◌ wall gap
Your base· ✓ Closed at 21:23 · 58t walls · 1 gate(s)
BoomToGG's base· Open — 1t gap
Smoothed initial terrain · ◌ = detected wall gap · hover for details
Inputs per minute
— Jayklops - - BoomToGG
Build order — Jayklops
First 150 of 384 actions detected
| 0:00 | Create | Villager (Male) |
| 0:02 | Build | House |
| 0:02 | Build | House |
| 0:05 | Create | Villager (Male) |
| 0:11 | Create | Villager (Male) |
| 0:14 | Create | Villager (Male) |
| 0:57 | Research | Loom |
| 0:59 | Create | Villager (Male) |
| 1:31 | Create | Villager (Male) |
| 1:31 | Create | Villager (Male) |
| 1:45 | Create | Villager (Male) |
| 1:54 | Build | Lumber Camp |
| 2:15 | Create | Villager (Male) |
| 2:38 | Create | Villager (Male) |
| 3:13 | Create | Villager (Male) |
| 3:34 | Create | Villager (Male) |
| 3:48 | Build | House |
| 4:01 | Create | Villager (Male) |
| 4:15 | Create | Villager (Male) |
| 4:51 | Create | Villager (Male) |
| 5:27 | Create | Villager (Male) |
| 5:32 | Build | Barracks |
| 5:50 | Create | Villager (Male) |
| 5:57 | Build | House |
| 6:05 | Create | Villager (Male) |
| 6:49 | Build | House |
| 6:49 | Create | Militia |
| 6:50 | Create | Militia |
| 7:00 | Research | Feudal Age |
| 7:00 | Research | Feudal Age |
| 7:02 | Create | Militia |
| 7:16 | Build | Palisade Wall |
| 7:17 | Build | Palisade Wall |
| 7:17 | Build | Palisade Wall |
| 7:18 | Build | Palisade Wall |
| 7:55 | Build | Mill |
| 8:04 | Create | Militia |
| 8:05 | Create | Militia |
| 8:29 | Create | Villager (Male) |
| 9:09 | Age | Feudal Age |
| 9:10 | Research | Double-Bit Axe |
| 9:10 | Research | Double-Bit Axe |
| 9:30 | Create | Villager (Male) |
| 9:36 | Build | Stable |
| 9:39 | Build | House |
| 9:40 | Build | Palisade Wall |
| 9:50 | Create | Spearman |
| 10:09 | Create | Villager (Male) |
| 10:43 | Create | Villager (Male) |
| 11:13 | Create | Scout Cavalry |
| 11:13 | Create | Villager (Male) |
| 11:16 | Research | Horse Collar |
| 11:17 | Build | Farm |
| 11:21 | Build | Farm |
| 11:25 | Research | Man-at-Arms (upgrade) |
| 11:41 | Create | Scout Cavalry |
| 11:43 | Create | Villager (Male) |
| 11:47 | Build | Farm |
| 11:47 | Build | Farm |
| 11:49 | Build | Farm |
| 11:51 | Build | Farm |
| 11:58 | Build | House |
| 12:02 | Build | House |
| 12:07 | Create | Villager (Male) |
| 12:17 | Build | Farm |
| 12:20 | Build | Farm |
| 12:22 | Create | Spearman |
| 12:37 | Create | Villager (Male) |
| 12:43 | Create | Villager (Male) |
| 12:46 | Build | Farm |
| 12:58 | Create | Villager (Male) |
| 13:04 | Create | Scout Cavalry |
| 13:07 | Build | Farm |
| 13:09 | Build | Farm |
| 13:16 | Build | House |
| 13:25 | Create | Spearman |
| 13:31 | Create | Villager (Male) |
| 13:52 | Create | Villager (Male) |
| 14:00 | Build | Mining Camp |
| 14:10 | Create | Villager (Male) |
| 14:15 | Build | House |
| 14:19 | Build | Palisade Wall |
| 14:21 | Build | Palisade Wall |
| 14:27 | Build | Palisade Gate |
| 14:35 | Create | Villager (Male) |
| 14:43 | Create | Villager (Male) |
| 14:50 | Build | Palisade Wall |
| 14:52 | Build | Palisade Wall |
| 14:53 | Build | Palisade Wall |
| 14:53 | Build | Palisade Wall |
| 14:54 | Build | Palisade Wall |
| 14:55 | Create | Villager (Male) |
| 15:01 | Build | House |
| 15:03 | Build | Palisade Wall |
| 15:09 | Build | House |
| 15:10 | Build | Palisade Wall |
| 15:31 | Create | Villager (Male) |
| 15:46 | Create | Spearman |
| 15:50 | Create | Scout Cavalry |
| 15:54 | Create | Villager (Male) |
| 15:57 | Build | Farm |
| 15:57 | Build | Farm |
| 15:58 | Build | Farm |
| 16:01 | Build | Farm |
| 16:07 | Build | Farm |
| 16:10 | Build | Farm |
| 16:11 | Create | Villager (Male) |
| 16:16 | Build | Farm |
| 16:40 | Build | Palisade Wall |
| 16:44 | Create | Villager (Male) |
| 16:47 | Build | Palisade Wall |
| 17:56 | Build | Lumber Camp |
| 18:08 | Create | Villager (Male) |
| 18:12 | Build | Blacksmith |
| 18:14 | Build | Palisade Wall |
| 18:21 | Create | Villager (Male) |
| 18:39 | Build | Palisade Wall |
| 18:42 | Research | Castle Age |
| 18:42 | Research | Castle Age |
| 19:19 | Create | Villager (Male) |
| 19:51 | Create | Villager (Male) |
| 19:53 | Build | Barracks |
| 20:00 | Create | Villager (Male) |
| 20:04 | Build | Barracks |
| 20:06 | Research | Scale Mail Armor |
| 20:06 | Research | Forging |
| 20:12 | Research | Scale Mail Armor |
| 20:34 | Build | Palisade Wall |
| 20:49 | Build | Palisade Wall |
| 20:54 | Create | Spearman |
| 20:55 | Create | Militia |
| 20:55 | Create | Spearman |
| 20:59 | Research | Gold Mining |
| 21:12 | Build | Farm |
| 21:18 | Create | Spearman |
| 21:18 | Create | Militia |
| 21:20 | Create | Militia |
| 21:23 | Age | Castle Age |
| 21:26 | Research | Pikeman (upgrade) |
| 21:27 | Research | Pikeman (upgrade) |
| 21:27 | Research | Long Swordsman (upgrade) |
| 21:27 | Research | Long Swordsman (upgrade) |
| 21:32 | Research | Squires |
| 21:37 | Build | Siege Workshop |
| 22:06 | Create | Spearman |
| 22:06 | Create | Spearman |
| 22:06 | Create | Militia |
| 22:06 | Create | Spearman |
| 22:06 | Create | Militia |
| 22:35 | Research | Chain Mail Armor |
Build order — BoomToGG
First 150 of 322 actions detected
| 0:00 | Create | Villager (Male) |
| 0:01 | Create | Villager (Male) |
| 0:02 | Build | House |
| 0:03 | Build | House |
| 0:12 | Create | Villager (Male) |
| 0:23 | Create | Villager (Male) |
| 0:24 | Create | Villager (Male) |
| 1:25 | Create | Villager (Male) |
| 1:44 | Build | Lumber Camp |
| 2:02 | Create | Villager (Male) |
| 2:16 | Create | Villager (Male) |
| 2:47 | Create | Villager (Male) |
| 3:11 | Create | Villager (Male) |
| 3:11 | Create | Villager (Male) |
| 3:32 | Create | Villager (Male) |
| 3:32 | Create | Villager (Male) |
| 4:04 | Create | Villager (Male) |
| 4:07 | Build | House |
| 4:32 | Create | Villager (Male) |
| 4:41 | Build | Mill |
| 4:52 | Create | Villager (Male) |
| 5:24 | Create | Villager (Male) |
| 5:46 | Create | Villager (Male) |
| 5:48 | Research | Loom |
| 6:35 | Research | Feudal Age |
| 6:36 | Research | Feudal Age |
| 7:31 | Build | Barracks |
| 7:46 | Build | Palisade Wall |
| 7:47 | Build | Palisade Wall |
| 7:49 | Build | Palisade Wall |
| 7:51 | Build | Palisade Wall |
| 7:53 | Build | Palisade Wall |
| 7:58 | Create | Villager (Male) |
| 8:05 | Build | House |
| 8:07 | Build | Palisade Wall |
| 8:11 | Build | House |
| 8:14 | Build | Palisade Wall |
| 8:29 | Build | Palisade Wall |
| 8:29 | Build | Palisade Wall |
| 8:51 | Age | Feudal Age |
| 9:00 | Build | Stable |
| 9:13 | Create | Villager (Male) |
| 9:17 | Research | Double-Bit Axe |
| 9:17 | Research | Double-Bit Axe |
| 9:37 | Create | Villager (Male) |
| 9:55 | Create | Scout Cavalry |
| 9:56 | Create | Villager (Male) |
| 10:18 | Create | Villager (Male) |
| 10:47 | Create | Villager (Male) |
| 11:11 | Build | Farm |
| 11:13 | Build | Farm |
| 11:13 | Build | Farm |
| 11:13 | Build | Farm |
| 11:13 | Build | Farm |
| 11:13 | Build | Farm |
| 11:16 | Create | Scout Cavalry |
| 11:17 | Create | Villager (Male) |
| 11:19 | Build | Farm |
| 11:30 | Build | House |
| 11:38 | Research | Town Watch |
| 11:38 | Research | Town Watch |
| 11:52 | Create | Villager (Male) |
| 12:05 | Create | Villager (Male) |
| 12:16 | Build | Archery Range |
| 12:28 | Build | Farm |
| 12:42 | Create | Villager (Male) |
| 12:47 | Build | House |
| 12:50 | Build | House |
| 12:51 | Build | Palisade Wall |
| 12:57 | Build | Farm |
| 13:09 | Create | Skirmisher |
| 13:11 | Build | Farm |
| 13:24 | Create | Villager (Male) |
| 13:27 | Create | Skirmisher |
| 13:31 | Build | House |
| 13:35 | Build | Farm |
| 13:37 | Create | Villager (Male) |
| 13:57 | Create | Skirmisher |
| 13:58 | Create | Villager (Male) |
| 14:18 | Build | Farm |
| 14:25 | Build | House |
| 14:32 | Create | Villager (Male) |
| 14:33 | Create | Skirmisher |
| 14:34 | Create | Scout Cavalry |
| 14:54 | Build | House |
| 14:57 | Create | Scout Cavalry |
| 14:59 | Create | Skirmisher |
| 15:06 | Create | Villager (Male) |
| 15:27 | Create | Villager (Male) |
| 15:28 | Create | Skirmisher |
| 15:48 | Build | Blacksmith |
| 15:52 | Create | Skirmisher |
| 15:58 | Create | Villager (Male) |
| 16:11 | Build | House |
| 16:18 | Build | Palisade Wall |
| 16:20 | Create | Villager (Male) |
| 16:25 | Build | House |
| 16:26 | Build | Palisade Wall |
| 16:30 | Build | Palisade Wall |
| 16:35 | Build | Palisade Wall |
| 16:49 | Create | Villager (Male) |
| 17:06 | Build | House |
| 17:13 | Research | Padded Archer Armor |
| 17:15 | Research | Fletching |
| 17:15 | Research | Fletching |
| 17:19 | Build | Mining Camp |
| 17:20 | Create | Villager (Male) |
| 17:29 | Build | Palisade Wall |
| 17:48 | Create | Villager (Male) |
| 17:51 | Build | Watch Tower |
| 18:00 | Create | Scout Cavalry |
| 18:12 | Build | House |
| 18:15 | Create | Villager (Male) |
| 18:27 | Create | Villager (Male) |
| 18:30 | Build | Lumber Camp |
| 18:32 | Build | Farm |
| 18:33 | Build | Farm |
| 18:34 | Build | Farm |
| 18:38 | Build | Farm |
| 18:42 | Build | Farm |
| 18:43 | Create | Villager (Male) |
| 19:30 | Create | Villager (Male) |
| 19:35 | Build | House |
| 19:36 | Build | House |
| 19:56 | Research | Castle Age |
| 19:56 | Research | Castle Age |
| 20:08 | Build | House |
| 20:10 | Build | House |
| 20:32 | Build | House |
| 20:59 | Build | Archery Range |
| 21:04 | Research | Bloodlines |
| 21:05 | Research | Bloodlines |
| 21:08 | Research | Horse Collar |
| 21:09 | Research | Gold Mining |
| 21:09 | Research | Gold Mining |
| 21:46 | Create | Villager (Male) |
| 21:53 | Research | Padded Archer Armor |
| 22:10 | Build | House |
| 22:36 | Age | Castle Age |
| 22:39 | Create | Cavalry Archer |
| 22:39 | Create | Cavalry Archer |
| 22:40 | Research | Bodkin Arrow |
| 22:59 | Create | Villager (Male) |
| 23:00 | Create | Cavalry Archer |
| 23:01 | Create | Cavalry Archer |
| 23:05 | Research | Husbandry |
| 23:05 | Research | Husbandry |
| 23:17 | Create | Cavalry Archer |
| 23:22 | Build | Siege Workshop |
| 23:26 | Create | Cavalry Archer |
Match timeline
| 5:32 | Jayklops · first_building Barracks |
| 7:16 | Jayklops · wall_segment Palisade Wall x1 |
| 7:17 | Jayklops · wall_segment Palisade Wall x1 |
| 7:17 | Jayklops · wall_segment Palisade Wall x2 |
| 7:18 | Jayklops · wall_segment Palisade Wall x1 |
| 7:31 | BoomToGG · first_building Barracks |
| 7:46 | BoomToGG · wall_segment Palisade Wall x1 |
| 7:47 | BoomToGG · wall_segment Palisade Wall x1 |
| 7:49 | BoomToGG · wall_segment Palisade Wall x1 |
| 7:51 | BoomToGG · wall_segment Palisade Wall x1 |
| 7:53 | BoomToGG · wall_segment Palisade Wall x1 |
| 8:07 | BoomToGG · wall_segment Palisade Wall x1 |
| 8:14 | BoomToGG · wall_segment Palisade Wall x1 |
| 8:29 | BoomToGG · wall_segment Palisade Wall x1 |
| 8:29 | BoomToGG · wall_segment Palisade Wall x1 |
| 8:51 | BoomToGG · age_up feudal |
| 9:00 | BoomToGG · first_building Stable |
| 9:09 | Jayklops · age_up feudal |
| 9:36 | Jayklops · first_building Stable |
| 9:40 | Jayklops · wall_segment Palisade Wall x1 |
| 12:16 | BoomToGG · first_building Archery Range |
| 12:51 | BoomToGG · wall_segment Palisade Wall x1 |
| 14:19 | Jayklops · wall_segment Palisade Wall x11 |
| 14:21 | Jayklops · wall_segment Palisade Wall x4 |
| 14:50 | Jayklops · wall_segment Palisade Wall x1 |
| 14:52 | Jayklops · wall_segment Palisade Wall x1 |
| 14:53 | Jayklops · wall_segment Palisade Wall x1 |
| 14:53 | Jayklops · wall_segment Palisade Wall x1 |
| 14:54 | Jayklops · wall_segment Palisade Wall x1 |
| 15:03 | Jayklops · wall_segment Palisade Wall x20 |
| 15:10 | Jayklops · wall_segment Palisade Wall x4 |
| 16:18 | BoomToGG · wall_segment Palisade Wall x5 |
| 16:26 | BoomToGG · wall_segment Palisade Wall x1 |
| 16:30 | BoomToGG · wall_segment Palisade Wall x6 |
| 16:35 | BoomToGG · wall_segment Palisade Wall x5 |
| 16:40 | Jayklops · wall_segment Palisade Wall x4 |
| 16:47 | Jayklops · wall_segment Palisade Wall x3 |
| 17:29 | BoomToGG · wall_segment Palisade Wall x1 |
| 18:14 | Jayklops · wall_segment Palisade Wall x1 |
| 18:39 | Jayklops · wall_segment Palisade Wall x1 |
| 20:34 | Jayklops · wall_segment Palisade Wall x1 |
| 20:49 | Jayklops · wall_segment Palisade Wall x1 |
| 21:23 | Jayklops · age_up castle |
| 21:37 | Jayklops · first_building Siege Workshop |
| 22:36 | BoomToGG · age_up castle |
| 23:22 | BoomToGG · first_building Siege Workshop |
| 25:58 | Jayklops · first_building Monastery |
| 31:39 | BoomToGG · wall_segment Stone Wall x3 |
| 32:49 | BoomToGG · wall_segment Stone Wall x1 |
| 33:49 | Jayklops · first_building Castle |
| 34:00 | Jayklops · first_building Archery Range |
| 34:48 | BoomToGG · wall_segment Stone Wall x4 |
| 34:49 | BoomToGG · wall_segment Stone Wall x4 |
| 35:03 | BoomToGG · wall_segment Palisade Wall x1 |
| 38:43 | BoomToGG · first_building Castle |
| 39:17 | Jayklops · first_market_buy 100 wood |
| 39:34 | BoomToGG · age_up imperial |
| 39:38 | Jayklops · resign |
[ AI ANALYSIS · 1 CREDIT ]
What really happened in this match?
Wolo.gg analyzes every decision: build order, eco, micro, common mistakes by bracket. Personalized analysis on WhatsApp or Discord in 30 seconds.
Civ guide
Goths
Map guide
Arabia
Perfil
Jugador #782884